 Dungeon Crawl Stone Soup version 0.26-a0-497-g0187308201 (webtiles) character file.

Game seed: 4155784659186170011

2718 BeastOfSaturn the Carver (level 9, -1/63 HPs)
             Began as a Demonspawn Warper on Aug 6, 2020.
             Was a Believer of Ashenzari.
             Slain by a centaur
             ... wielding a cursed -3 shortbow
              (4 damage)
             ... while paralysed by a hornet
             ... on level 9 of the Dungeon.
             The game lasted 00:20:20 (8730 turns).

BeastOfSaturn the Carver (Demonspawn Warper)        Turns: 8730, Time: 00:20:21

Health: -1/63      AC:  6    Str: 14    XL:     9   Next: 39%
Magic:  13/13      EV:  2    Int: 15    God:    Ashenzari [**....]
Gold:   438        SH:  0    Dex: 13    Spells: 5/14 levels left

rFire    + . .     SeeInvis .   a - +1 falchion
rCold    + . .     Faith    .   (no shield)
rNeg     . . .     Spirit   .   t - +1 ring mail {rF+}
rPois    .         Reflect  .   (no helmet)
rElec    .         Harm     .   (no cloak)
rCorr    .                      (no gloves)
MR       .....                  (no boots)
Stlth    +.........             D - amulet of regeneration (curse)
HPRegen  0.60/turn              m - +4 ring of slaying (curse)
MPRegen  0.13/turn              (no ring)

@: paralysed, lethally poisoned (-1 -> -12), slowed
A: talons 1, repulsion field 2, cold resistance 1, rot immunity
a: Curse Item, Scrying, Renounce Religion


You were on level 9 of the Dungeon.
You worshipped Ashenzari.
Ashenzari was pleased with you.
You visited 1 branch of the dungeon, and saw 9 of its levels.

You collected 438 gold pieces.

Inventory:

Hand Weapons
 a - a +1 falchion (weapon)
Missiles
 c - 22 boomerangs
 e - 5 boomerangs of dispersal (quivered)
Armour
 b - a +1 leather armour
 t - a +1 ring mail of fire resistance (worn)
Jewellery
 j - an uncursed amulet of faith
 m - a cursed +4 ring of slaying (left hand)
 D - a cursed amulet of regeneration (around neck)
Wands
 q - a wand of acid (29)
 r - a wand of paralysis (7)
 w - a wand of disintegration (18)
 x - a wand of iceblast (16)
 F - a wand of flame (31)
Scrolls
 f - a scroll of noise
 g - a scroll of identify
 l - 3 scrolls of amnesia
 p - 3 scrolls of teleportation
 s - 3 scrolls of remove curse
 v - a scroll of blinking
 y - 2 scrolls of holy word {unknown}
 B - 2 scrolls of enchant armour
Potions
 d - 3 potions of flight
 h - a potion of resistance
 i - a potion of cancellation
 k - a potion of curing
 n - 3 potions of mutation
 o - 2 potions of haste
 u - 2 potions of stabbing
 z - 4 potions of brilliance
 C - a potion of degeneration
 G - a potion of might


   Skills:
 - Level 3.0 Fighting
 * Level 9.7 Long Blades
 - Level 0.8 Throwing
 - Level 0.8 Armour
 * Level 5.2 Dodging
 - Level 3.0 Spellcasting
 - Level 2.7(4.0) Translocations
 * Level 3.8(5.1) Poison Magic


You had 5 spell levels left.
You knew the following spells:

 Your Spells              Type           Power        Failure   Level
a - Blink                 Tloc           N/A          12%         2
b - Mephitic Cloud        Conj/Pois/Air  #.......     50%         3
c - Olgreb's Toxic Radia  Pois           ###.....     43%         4

Your spell library contained the following spells:

 Spells                   Type           Power        Failure   Level
 Sting                    Tmut/Pois      ##..         14%         1
 Poisonous Vapours        Pois/Air       ##....       21%         2
 Gell's Gravitas          Tloc           ##........   24%         3
 Lesser Beckoning         Tloc           ##........   24%         3
 Teleport Other           Tloc           ##......     24%         3
 Ignite Poison            Fire/Tmut/Pois #.......     50%         3
 Passage of Golubria      Tloc           N/A          61%         4


Dungeon Overview and Level Annotations

Branches:
Dungeon (9/15)             Temple (0/1) D:7
   Lair: D:8-11         Orc: D:9-12

Altars:
Ashenzari
Okawaru
Qazlal
Ru
Yredelemnul
The Shining One

Shops:
D:5 [

Annotations:
D:3 Purgy
D:5 1 runed translucent door


Innate Abilities, Weirdness & Mutations

You have sharp toenails.
You are surrounded by a moderate repulsion field. (EV +3)
Your flesh is cold resistant. (rC+)
You are immune to rotting.


Message History

The centaur hits you but does no damage.
The hornet stings you.
You are more poisoned.
You feel as though you will be slow longer.
You feel very sick.
The centaur shoots an arrow.
The arrow barely misses you. The hornet barely misses you.
You feel sick.
The centaur shoots an arrow.
The arrow misses you. The hornet stings you!
You suddenly lose the ability to move!
You feel sick.
The centaur hits you but does no damage.
The hornet stings you!
* * * LOW HITPOINT WARNING * * *
You feel as though you will be slow longer.
The hornet stings you!
* * * LOW HITPOINT WARNING * * *
You are lethally poisoned!
You feel as though you will be slow longer.
The centaur hits you with a cursed -3 shortbow.
You die...

,........... * *
...........
.......... *, , ,
#......... , *
*#......... ,
#......... ,
#......... , , ..
##yc.....= * .
##@....... #.**
##..#######
#,#..* #..(# *
*#.##.# ##..##
......###...# * ,
..........### *
,.......<...#* *
##.#.....#....#**
, ,#.#.....##...
, , *


You could see a hornet and a centaur.

Vanquished Creatures
  Maggie (D:7)
  Grinder (D:6)
  2 sky beasts
  A black bear (D:7)
  An orc warrior (D:7)
  3 ogres
  2 centaurs
  A crocodile (D:8)
  A big kobold (D:8)
  4 bullfrogs
  A wyvern skeleton (D:6)
  5 killer bees (D:8)
  3 howler monkeys
  A bullfrog zombie (D:8)
  5 orc priests
  A centaur zombie (D:5)
  2 orc wizards
  2 bullfrog skeletons
  5 worker ants
  8 gnolls
  8 adders
  2 shadow imps
  A white imp (D:8)
  An ufetubus (D:6)
  An adder skeleton (D:8)
  2 worms
  A dart slug (D:1)
  4 leopard geckos
  6 orcs
  A ball python (D:7)
  2 giant cockroaches (D:4)
  9 goblins
  3 hobgoblins (D:3)
  2 quokkas
  4 bats
  3 frilled lizards (D:2)
  14 kobolds
  2 quokka skeletons
  9 rats
125 creatures vanquished.

Vanquished Creatures (others)
  An orc (D:6)
1 creature vanquished.

Grand Total: 126 creatures vanquished

Notes
Turn   | Place    | Note
-------+----------+-------------------------------------------
     0 | D:1      | BeastOfSaturn the Demonspawn Warper began the quest for the
                  | Orb.
     0 | D:1      | Reached XP level 1. HP: 16/16 MP: 3/3
   500 | D:1      | Reached skill level 2 in Long Blades
   560 | D:1      | Gained mutation: Your flesh is cold resistant. (rC+)
                  | [demonic ancestry]
   560 | D:1      | Reached XP level 2. HP: 19/22 MP: 5/5
   684 | D:1      | Learned a level 2 spell: Blink
   891 | D:2      | You fall into a shaft and drop 1 floor!
   891 | D:3      | Found a shattered altar of Ashenzari.
   899 | D:3      | Became a worshipper of Ashenzari the Shackled
  1053 | D:3      | Found a sacrificial altar of Ru.
  1248 | D:3      | Noticed Purgy
  1334 | D:3      | Gained mutation: You have sharp toenails. [demonic
                  | ancestry]
  1334 | D:3      | Reached XP level 3. HP: 28/28 MP: 6/6
  1604 | D:2      | Found a faded altar of an unknown god.
  1930 | D:2      | Found a glowing golden altar of the Shining One.
  1935 | D:2      | Reached * piety under Ashenzari
  1935 | D:2      | Found a basalt altar of Yredelemnul.
  1937 | D:2      | Noticed a profane servitor
  2186 | D:2      | Noticed an angel
  2340 | D:3      | Gained mutation: You are surrounded by a mild repulsion
                  | field. (EV +2) [demonic ancestry]
  2340 | D:3      | Reached XP level 4. HP: 34/34 MP: 7/7
  2569 | D:4      | Learned a level 3 spell: Mephitic Cloud
  2723 | D:4      | Reached skill level 3 in Long Blades
  3172 | D:4      | Reached XP level 5. HP: 32/40 MP: 8/8
  3361 | D:4      | Reached skill level 4 in Long Blades
  3558 | D:5      | Entered Level 5 of the Dungeon
  3558 | D:5      | Found Rohaebik's Antique Armour Shop.
  3588 | D:5      | Reached skill level 1 in Poison Magic
  3704 | D:5      | Reached XP level 6. HP: 37/47 MP: 10/10
  3977 | D:5      | Noticed a sky beast
  3989 | D:5      | Killed a sky beast
  4096 | D:5      | Found a runed translucent door.
  4096 | D:5      | Noticed a human
  4098 | D:5      | Found a basalt altar of Yredelemnul.
  4339 | D:6      | Reached skill level 5 in Long Blades
  4776 | D:6      | Reached XP level 7. HP: 25/52 MP: 11/11
  4981 | D:6      | Reached skill level 6 in Long Blades
  5083 | D:6      | Noticed Grinder
  5139 | D:6      | Paralysed by Grinder for 6 turns
  5155 | D:6      | Killed Grinder
  5572 | D:7      | Found a staircase to the Ecumenical Temple.
  5585 | D:7      | Reached skill level 7 in Long Blades
  5585 | D:7      | Gained mutation: You are surrounded by a moderate repulsion
                  | field. (EV +3) [demonic ancestry]
  5585 | D:7      | Reached XP level 8. HP: 40/58 MP: 12/12
  6806 | D:7      | Reached skill level 8 in Long Blades
  6852 | D:7      | Noticed Maggie
  6884 | D:7      | Killed Maggie
  7127 | D:7      | Reached ** piety under Ashenzari
  7589 | D:7      | Found an iron altar of Okawaru.
  7590 | D:7      | Found a stormy altar of Qazlal.
  7621 | D:7      | Learned a level 4 spell: Olgreb's Toxic Radiance
  7643 | D:8      | Gained mutation: You are immune to rotting. [demonic
                  | ancestry]
  7643 | D:8      | Reached XP level 9. HP: 59/63 MP: 13/13
  7758 | D:8      | Reached skill level 9 in Long Blades
  7911 | D:8      | Reached skill level 5 in Dodging
  7932 | D:8      | Noticed a cyan ugly thing
  7948 | D:7      | HP: 2/63 [cyan ugly thing (17)]
  8729 | D:9      | Paralysed by a hornet for 3 turns
  8730 | D:9      | HP: 3/63 [hornet (11)]
  8730 | D:9      | Slain by a centaur

Illustrated notes

Levels and vault maps discovered:
D:1:      lightli_iron_boxes, layout_basic
D:2:      layout_basic, grunt_temple_overflow_holy_war,
          chequers_ecumenical_altar_simple_redux
D:3:      layout_basic, hangedman_ru_absence, cheibrodos_ashenzari_chains,
          uniq_purgy
D:4:      layout_basic
D:5:      layout_rooms, serial_shops, shop, minmay_misc_feat_x,
          dk_yredelemnul_ordeal
D:6:      layout_cave_pools, minmay_diced_spiral, uniq_grinder
D:7:      layout_layer_cave, gammafunk_temple_overflow_statue,
          minmay_temple_entry_sparse_star, uniq_maggie
D:8:      layout_basic
D:9:      layout_rooms

Skill      XL: |  1  2  3  4  5  6  7  8  9 |
---------------+----------------------------+-----
Long Blades    | 2 3 4 5 7 8 9 |  9.7
Dodging        | 2 3 4 5 |  5.2
Fighting       | 3 |  3.0
Poison Magic   | 1 2 3 |  3.8
Spellcasting   | 3 |  3.0
Throwing       | |  0.8
Armour         | |  0.8
Translocations | |  2.7

Action                   |  1- 3 |  4- 6 |  7- 9 || total
-------------------------+-------+-------+-------++-------
Melee: Falchion          |   107 |   104 |   230 ||   441
       Kick              |     6 |    32 |    78 ||   116
Invok: Curse Item        |     1 |       |     1 ||     2
  Use: Scroll            |     3 |     4 |    11 ||    18
       Potion            |     1 |     5 |     6 ||    12
Armor: Leather armour    |    32 |       |       ||    32
       Ring mail         |     1 |    30 |    55 ||    86
Dodge: Dodged            |    73 |    85 |   194 ||   352
       Rpst.: Falchion   |    21 |    20 |    52 ||    93

Table legend: (Time is in decaauts)
 A = Elapsed time spent in this place.
 B = Non-inter-level travel time spent in this place.
 C = Inter-level travel time spent in this place.
 D = Time resting spent in this place.
 E = Time spent auto-exploring this place.
 F = Levels seen in this place.
 G = Mean time per level.
                   A        B        C        D        E       F      G
               +--------+--------+--------+--------+--------+-----+--------+
         Total |   8722 |   8387 |    335 |   1700 |   5221 |   9 |  969.1 |
       Dungeon |   8722 |   8387 |    335 |   1700 |   5221 |   9 |  969.1 |
               +--------+--------+--------+--------+--------+-----+--------+

Top non-repeatable levels by time:
     D:6: 1729 daAuts
     D:7: 1297 daAuts
     D:4: 1141 daAuts
     D:5: 1075 daAuts
     D:8: 1017 daAuts
     D:1: 897 daAuts
     D:2: 878 daAuts
     D:3: 667 daAuts
     D:9: 17 daAuts
